General information
- name: BNet
- type: Ladder team game (AT/RT)
- host: Battle.net
- saver: CharTowaCrew
map: LostTemple
- players: 4
- length: 15:18
- speed: Fast
- version: 1.23 W3XP
- replay type: Public
» download(58 KB)
Players
team 1 (loser)
MC_PumBa (
green | 31 APM | 412 actions | 13:19)
1 Priestess of the Moon
1 Trueshot Aura
» actions
| Build / train | 25 | |
| Enter build submenu | 24 | |
| Enter hero's abilities submenu | 1 | |
| Remove unit from queue | 6 | |
| Right click | 127 | |
| Select / deselect | 169 | |
| Use ability | 60 | |
412 total
» units
» upgrades
| Strength of the Wild | 1 | |
| Strength of the Moon | 0 | |
1 total
» buildings
| Altar of Elders | 2 | |
| Moon Well | 10 | |
| Ancient of War | 2 | |
| Hunter's Hall | 1 | |
| Ancient Protector | 2 | |
| Tree of Life | 1 | |
18 total
» build order
00:14 Altar of Elders
00:28 Moon Well
01:07 Ancient of War
01:47 Moon Well
02:37 Hunter's Hall
03:01 Moon Well
03:18 Moon Well
03:34 Moon Well
04:50 Moon Well
04:53 Ancient Protector
05:09 Ancient Protector
07:47 Tree of Life
08:01 Ancient of War
08:10 Moon Well
08:17 Moon Well
08:24 Moon Well
08:41 Altar of Elders
08:46 Moon Well
unhappylol (
red | 44 APM | 672 actions | 15:16)
2 Death Knight
1 Death Coil
1 Unholy Aura
» actions
| Assign group hotkey | 48 | |
| Build / train | 41 | |
| Enter build submenu | 14 | |
| Enter hero's abilities submenu | 4 | |
| Remove unit from queue | 5 | |
| Right click | 302 | |
| Select / deselect | 157 | |
| Select group hotkey | 68 | |
| Use ability | 33 | |
672 total
» units
| Acolyte | 3 | |
| Ghoul | 3 | |
| Crypt Fiend | 9 | |
| Abomination | 2 | |
| Gargoyle | 8 | |
| Obsidian Statue | 1 | |
26 total
» upgrades
| Creature Attack | 1 | |
| Creature Carapace | 1 | |
2 total
» buildings
| Ziggurat | 6 | |
| Altar of Darkness | 1 | |
| Crypt | 2 | |
| Graveyard | 1 | |
| Tomb of Relics | 1 | |
| Spirit Tower | 2 | |
| Halls of the Dead | 1 | |
| Black Citadel | 1 | |
| Slaughterhouse | 1 | |
16 total
» build order
00:08 Ziggurat
00:09 Altar of Darkness
00:47 Crypt
00:50 Crypt
01:30 Graveyard
01:47 Tomb of Relics
02:46 Ziggurat
03:18 Ziggurat
03:27 Ziggurat
06:20 Spirit Tower
06:24 Halls of the Dead
06:52 Ziggurat
06:53 Ziggurat
08:47 Black Citadel
08:53 Slaughterhouse
11:04 Spirit Tower
» items
team 2 (winner)
AuirTowaCrew (
orange | 63 APM | 964 actions | 15:17)
4 Paladin
2 Holy Light
2 Devotion Aura
» actions
| Assign group hotkey | 15 | |
| Basic commands | 61 | |
| Build / train | 41 | |
| ESC pressed | 3 | |
| Enter build submenu | 40 | |
| Enter hero's abilities submenu | 5 | |
| Right click | 386 | |
| Select / deselect | 239 | |
| Select group hotkey | 128 | |
| Use ability | 46 | |
964 total
» units
| Peasant | 16 | |
| Footman | 5 | |
| Gryphon Rider | 5 | |
26 total
» buildings
| Altar of Kings | 1 | |
| Farm | 11 | |
| Barracks | 1 | |
| Lumber Mill | 2 | |
| Scout Tower | 12 | |
| Arcane Tower | 1 | |
| Keep | 1 | |
| Guard Tower | 7 | |
| Castle | 1 | |
| Arcane Vault | 1 | |
| Gryphon Aviary | 3 | |
| Town Hall | 2 | |
43 total
» build order
00:03 Altar of Kings
00:09 Farm
00:48 Barracks
01:25 Farm
01:44 Lumber Mill
02:11 Scout Tower
02:26 Lumber Mill
02:37 Scout Tower
02:53 Farm
03:24 Arcane Tower
03:29 Farm
03:44 Farm
03:53 Keep
04:26 Scout Tower
04:27 Scout Tower
05:09 Guard Tower
05:10 Guard Tower
05:12 Scout Tower
05:13 Scout Tower
05:43 Guard Tower
05:44 Guard Tower
06:07 Scout Tower
06:09 Scout Tower
06:29 Castle
06:35 Arcane Vault
06:49 Guard Tower
07:02 Guard Tower
07:58 Scout Tower
07:59 Scout Tower
08:02 Scout Tower
08:03 Scout Tower
08:28 Gryphon Aviary
08:28 Gryphon Aviary
08:29 Gryphon Aviary
08:37 Guard Tower
08:39 Town Hall
10:32 Farm
10:34 Farm
10:34 Farm
11:21 Farm
11:23 Farm
11:23 Farm
14:03 Town Hall
CharTowaCrew (
yellow | 50 APM | 759 actions | 15:18)
3 Paladin
2 Holy Light
1 Divine Shield
» actions
| Assign group hotkey | 13 | |
| Basic commands | 9 | |
| Build / train | 73 | |
| Enter build submenu | 41 | |
| Enter hero's abilities submenu | 3 | |
| Right click | 321 | |
| Select / deselect | 197 | |
| Select group hotkey | 35 | |
| Use ability | 67 | |
759 total
» units
» upgrades
| Defend | 1 | |
| Masonry | 2 | |
| Plating | 3 | |
| Swords | 1 | |
| Animal War Training | 1 | |
8 total
» buildings
| Altar of Kings | 1 | |
| Farm | 17 | |
| Lumber Mill | 1 | |
| Barracks | 3 | |
| Scout Tower | 23 | |
| Arcane Tower | 1 | |
| Guard Tower | 20 | |
| Keep | 1 | |
| Town Hall | 1 | |
| Blacksmith | 1 | |
| Castle | 1 | |
| Arcane Vault | 1 | |
71 total
» build order
00:05 Altar of Kings
00:23 Farm
00:31 Farm
00:41 Lumber Mill
01:01 Barracks
01:48 Scout Tower
02:29 Arcane Tower
02:48 Farm
02:49 Farm
02:50 Farm
03:57 Scout Tower
03:58 Scout Tower
03:59 Scout Tower
04:01 Scout Tower
04:05 Scout Tower
04:05 Scout Tower
04:05 Scout Tower
04:31 Guard Tower
04:45 Scout Tower
04:46 Scout Tower
04:47 Scout Tower
04:48 Scout Tower
04:49 Guard Tower
04:49 Guard Tower
05:09 Guard Tower
05:10 Guard Tower
05:33 Guard Tower
05:33 Guard Tower
05:56 Guard Tower
05:56 Guard Tower
06:02 Scout Tower
06:03 Scout Tower
06:31 Guard Tower
06:31 Guard Tower
06:32 Guard Tower
06:33 Guard Tower
06:38 Scout Tower
06:40 Scout Tower
06:45 Scout Tower
06:48 Keep
07:16 Town Hall
07:44 Guard Tower
08:17 Scout Tower
08:17 Scout Tower
08:20 Scout Tower
08:41 Barracks
08:46 Blacksmith
10:31 Guard Tower
10:33 Castle
11:16 Scout Tower
11:17 Scout Tower
11:19 Scout Tower
11:36 Barracks
11:41 Farm
11:42 Farm
11:44 Farm
11:45 Farm
11:47 Farm
11:49 Farm
11:51 Farm
11:53 Farm
11:54 Farm
11:55 Farm
11:56 Farm
12:17 Guard Tower
12:59 Guard Tower
14:42 Arcane Vault
Chat log
(00:11 / Allies) CharTowaCrew: i guess you knew
(00:13 / All) unhappylol: hf gl
(00:19 / Allies) CharTowaCrew: every hackerend team is ne/ud
(00:25 / Allies) AuirTowaCrew: oh yeah
(00:27 / Allies) AuirTowaCrew: except us
(00:30 / Allies) AuirTowaCrew: we were cool
(00:37 / Allies) CharTowaCrew: yup
(01:11 / Allies) AuirTowaCrew: right side
(01:13 / Allies) AuirTowaCrew: come from the mine
(01:22 / Allies) CharTowaCrew: your right side
(01:28 / Allies) AuirTowaCrew: oh
(01:30 / Allies) AuirTowaCrew: left
(01:33 / Allies) AuirTowaCrew: right right, left side
(02:22 / Allies) AuirTowaCrew: ...
(02:30 / Allies) AuirTowaCrew: stupid fucking paladin
(02:35 / Allies) CharTowaCrew: ?
(02:41 / Allies) AuirTowaCrew: getting blocked
(02:57 / Allies) CharTowaCrew: ready?
(03:02 / Allies) AuirTowaCrew: yeah
(04:49 / Allies) AuirTowaCrew: l
(04:51 / Allies) AuirTowaCrew: heal
(05:11 / All) CharTowaCrew: leave
(05:18 / All) unhappylol: no
(07:12 / Allies) AuirTowaCrew: you take this one
(07:29 / All) CharTowaCrew: woah looks like green didnt start with a base
(07:36 / All) CharTowaCrew: oh well free expo for me!
(07:39 / All) AuirTowaCrew: pretty unlucky
(08:33 / Allies) AuirTowaCrew: you get knights
(08:37 / Allies) CharTowaCrew: aigh
(10:13 / Allies) AuirTowaCrew: mediocre
(10:21 / All) CharTowaCrew: you can still win
(10:23 / All) CharTowaCrew: stay
(10:29 / All) unhappylol: ah shut up
(12:07 / Allies) CharTowaCrew: just play safe and get a decent army
(12:16 / Allies) AuirTowaCrew: gryphs inbound
(12:34 / Allies) AuirTowaCrew: I'll get a couple of hawks too
(12:36 / Allies) AuirTowaCrew: for antifrost
(12:46 / Allies) CharTowaCrew: he might be a joker
(12:51 / Allies) CharTowaCrew: and try to be smart
(13:14 / Allies) CharTowaCrew: wood?
(13:22 / Allies) AuirTowaCrew: I'm pretty hurting for wood too
(13:24 / Allies) CharTowaCrew: ty
(14:20 / Allies) CharTowaCrew: what makes me sad is
(14:27 / Allies) CharTowaCrew: towering wont be effective in sc
(14:34 / Allies) CharTowaCrew: cause upkeep and heroes make towering good
(14:46 / Allies) AuirTowaCrew: yeah
(14:48 / Allies) CharTowaCrew: well not good nessicarily
(14:54 / Allies) CharTowaCrew: but a workable strategy
(15:05 / Allies) AuirTowaCrew: effective without backup